 Dungeon Crawl Stone Soup version 0.31-a0-988-g08d55dae12 (webtiles) character file.

Game seed: 15090055116377106311

505 BinkBink the Slasher (level 7, -3/44 HPs)
             Began as a Tengu Berserker on Nov 5, 2023.
             Was a Priest of Trog.
             Slain by an orc warrior
             ... wielding a +0 long sword
              (16 damage)
             ... on level 4 of the Dungeon.
             The game lasted 00:03:51 (3496 turns).

BinkBink the Slasher (Tengu Berserker)              Turns: 3496, Time: 00:03:51

Health: -3/44      AC:  3    Str: 18    XL:     7   Next: 18%
Magic:  8/8        EV: 17    Int:  7    God:    Trog [***...]
Gold:   126        SH:  5    Dex: 15    Spells: 6/6 levels left

rFire   . . .        a - +1 falchion
rCold   . . .        u - +1 buckler
rNeg    . . .        b - +0 animal skin
rPois   .            (helmet restricted)
rElec   .            (no cloak)
rCorr   .            p - +0 pair of gloves
SInv    .            (boots unavailable)
Will    .....        (no amulet)
Stlth   +            (no ring)
HPRegen 0.27/turn    (no ring)
MPRegen 0.11/turn

%: acrobat
@: flying
A: beak, talons 3, evasive flight, acrobatic
a: Renounce Religion, Berserk, Trog's Hand


You were on level 4 of the Dungeon.
You worshipped Trog.
Trog was most pleased with you.
You visited 1 branch of the dungeon, and saw 5 of its levels.

You collected 126 gold pieces.

Inventory:

Hand Weapons
 a - a +1 falchion (weapon)
Armour
 b - a +0 animal skin (worn)
 p - a +0 pair of gloves (worn)
 u - a +1 buckler (worn)
Wands
 q - a wand of polymorph (5)
Scrolls
 e - 2 scrolls of fear
 g - 4 scrolls of teleportation
 i - a scroll of amnesia
 j - a scroll of noise
Potions
 c - 3 potions of cancellation
 d - a potion of heal wounds {unknown}
 f - a potion of haste {unknown}
 h - 4 potions of curing {unknown}
 n - a potion of invisibility {unknown}
 o - a potion of magic {unknown}
 t - a potion of mutation {unknown}


   Skills:
 + Level 4.7 Fighting
 + Level 5.1 Long Blades
 + Level 4.5 Armour
 + Level 4.4 Dodging
 + Level 0.0 Shields


You had 6 spell levels left.
You didn't know any spells.
Your spell library was empty.

Dungeon Overview and Level Annotations

Branches:
Dungeon (5/15)
 Temple: D:4-7

Altars:


Innate Abilities, Weirdness & Mutations

You have a beak for a mouth.
You have claws for feet.
Your magical flight helps you evade attacks. (EV +4)
You can magically evade attacks while moving or waiting.


Message History

You kill the orc!
Trog accepts your kill.
You hit the orc warrior. Your kick misses the orc warrior.
The orc warrior is lightly wounded.
The orc warrior hits you with a +0 long sword!
You hear a shout!
You closely miss the orc warrior. You claw the orc warrior.
Your peck misses the orc warrior.
The orc warrior is moderately wounded.
An orc priest comes into view. It is wielding a +0 dagger.
The orc warrior closely misses you.
You closely miss the orc warrior.
You claw the orc warrior, but do no damage.
Your peck misses the orc warrior.
The orc warrior is moderately wounded.
The orc priest calls down the wrath of Beogh upon you.
Beogh smites you!
You are too injured to fight recklessly!
You are too injured to fight recklessly!
You are too injured to fight recklessly!
The orc priest calls down the wrath of Beogh upon you.
Pain shoots through your body!
* * * LOW HITPOINT WARNING * * *
The orc warrior misses you.
The orc warrior attacks as it pursues you!
You block the orc warrior's attack.
There is a stone staircase leading up here.
You fly upwards.
There is a stone staircase leading down here.
You hit the orc warrior.
The orc warrior is heavily wounded.
The orc warrior closely misses you.
You hit the orc warrior. Your kick misses the orc warrior.
The orc warrior is severely wounded.
The orc warrior misses you.
You closely miss the orc warrior.
You claw the orc warrior, but do no damage.
The orc warrior is severely wounded.
The orc warrior hits you with a +0 long sword!
You die...

#.# #.#.# #...... #.# #.#.#
#†###.. #.# #.#.###### #.# ##.
#|# #.#......# #.# #.
#.#####........#####.####.
##..............#.........#
#######.###.............###.
#######.###......#.####.....
#######.###@.##..#.# #.####
#######.###o.##..#.# #.#
#######.###..##..#.# #.#
###########...##..##..#.####.#
†...........#................#
###########...###.##..##.###.#
#######.............# #.#
###############.#######.#
###############.........#


You could see an orc warrior.

Vanquished Creatures
  An ogre (D:4)
  A bullfrog (D:4)
  2 scorpions
  A hound (D:4)
  Jessica (D:2)
  An iguana (D:4)
  Ijyb (D:3)
  Robin (D:3)
  3 adders
  A dart slug (D:2)
  7 orcs
  9 ball pythons
  6 bats
  7 endoplasms
  2 giant cockroaches (D:1)
  5 goblins
  13 hobgoblins
  9 jackals
  4 kobolds
  2 quokkas
  3 frilled lizards
  2 rats (D:1)
82 creatures vanquished.

Notes
Turn   | Place    | Note
-------+----------+-------------------------------------------
     0 | D:1      | BinkBink the Tengu Berserker began the quest for the Orb.
     0 | D:1      | Reached XP level 1. HP: 14/14 MP: 2/2
   143 | D:1      | Reached XP level 2. HP: 19/19 MP: 3/3
   325 | D:1      | Reached XP level 3. HP: 21/23 MP: 4/4
   779 | D:2      | Reached ** piety under Trog
   923 | D:2      | Noticed Jessica
   928 | D:2      | Killed Jessica
   929 | D:2      | Reached XP level 4. HP: 25/28 MP: 5/5
  1425 | D:2      | Reached skill level 4 in Long Blades
  1497 | D:3      | Noticed Ijyb
  1499 | D:3      | Noticed Robin
  1509 | D:3      | Killed Ijyb
  1523 | D:3      | Reached XP level 5. HP: 30/33 MP: 6/6
  1524 | D:3      | Killed Robin
  2394 | D:4      | Reached XP level 6. HP: 32/38 MP: 7/7
  2479 | D:4      | Reached *** piety under Trog
  2748 | D:4      | Reached skill level 5 in Long Blades
  3019 | D:4      | Gained mutation: Your magical flight helps you evade
                  | attacks. (EV +4) [Tengu growth]
  3019 | D:4      | Reached XP level 7. HP: 44/44 MP: 8/8
  3481 | D:5      | Entered Level 5 of the Dungeon
  3496 | D:4      | Slain by an orc warrior

Illustrated notes

Levels and vault maps discovered:
D:1:      sevenhm_arrival_forest_fort_small_5, layout_basic, minmay_pentomino_s4
D:2:      layout_loops_ring, uniq_jessica
D:3:      layout_basic, minivault_27, nicolae_goblin_pals
D:4:      layout_loops_ring, uniq_ijyb
D:5:      layout_loops_corners, lemuel_tele_altar, lemuel_round_altar,
          serial_shops, shop, serial_demonic, serial_demonic_d,
          serial_demonic_g, serial_demonic_b, serial_demonic_f

Skill      XL: |  1  2  3  4  5  6 |
---------------+-------------------+-----
Armour         | 3 4 |  4.5
Dodging        | 3 4 |  4.4
Long Blades    | 4 5 |  5.1
Fighting       | 4 |  4.7

Action                     |  1- 3 |  4- 6 |  7- 9 || total
---------------------------+-------+-------+-------++-------
  Melee: Falchion          |    69 |    93 |    26 ||   188
         Kick              |    15 |    25 |     8 ||    48
         Peck              |     7 |     6 |     4 ||    17
         Unarmed           |       |    22 |       ||    22
    Use: Scroll            |       |       |     9 ||     9
   Stab: Sleeping          |     1 |     2 |       ||     3
         Confused          |       |     1 |       ||     1
 Armour: Animal skin       |    33 |    38 |     8 ||    79
         Skin              |       |    12 |       ||    12
  Dodge: Dodged            |    48 |    94 |    18 ||   160
  Block: Buckler           |       |       |     3 ||     3

Table legend: (Time is in decaauts)
 A = Elapsed time spent in this place.
 B = Non-inter-level travel time spent in this place.
 C = Inter-level travel time spent in this place.
 D = Time resting spent in this place.
 E = Time spent auto-exploring this place.
 F = Levels seen in this place.
 G = Mean time per level.
                   A        B        C        D        E       F      G
               +--------+--------+--------+--------+--------+-----+--------+
         Total |   3513 |   3364 |    149 |    326 |   2527 |   5 |  702.6 |
       Dungeon |   3513 |   3364 |    149 |    326 |   2527 |   5 |  702.6 |
               +--------+--------+--------+--------+--------+-----+--------+

Top non-repeatable levels by time:
     D:4: 1148 daAuts
     D:3: 846 daAuts
     D:1: 755 daAuts
     D:2: 750 daAuts
     D:5: 12 daAuts
